 Dungeon Crawl Stone Soup version 0.31-a0-920-g28cbb04a8c (webtiles) character file.

Game seed: 535403238570224438

230 croobank the Ducker (level 6, -3/53 HPs)
             Began as a Gnoll Monk on Oct 17, 2023.
             Was a Priest of Okawaru.
             Slain by a gnoll
             ... wielding a +0 halberd
             ... led by a gnoll bouda
              (13 damage)
             ... on level 4 of the Dungeon.
             The game lasted 00:05:43 (2486 turns).

croobank the Ducker (Gnoll Monk)                    Turns: 2486, Time: 00:05:44

Health: -3/53      AC:  2    Str: 11    XL:     6   Next: 3%
Magic:  8/8        EV: 15    Int: 11    God:    Okawaru [***...]
Gold:   192        SH:  0    Dex: 14    Spells: 8/8 levels left

rFire   . . .        g - +1 dagger (venom)
rCold   . . .        (no shield)
rNeg    . . .        b - +0 robe
rPois   .            (no helmet)
rElec   .            (no cloak)
rCorr   .            (no gloves)
SInv    .            (no boots)
Will    .....        (no amulet)
Stlth   ++           (no ring)
HPRegen 0.28/turn    (no ring)
MPRegen 0.11/turn

%: no passive effects
@: weakened
A: fangs 1, strong nose, distributed training
a: Renounce Religion, Heroism


You were on level 4 of the Dungeon.
You worshipped Okawaru.
Okawaru was most pleased with you.
You visited 1 branch of the dungeon, and saw 4 of its levels.

You collected 192 gold pieces.

Inventory:

Hand Weapons
 a - a +0 heavy short sword
 e - a +0 war axe
 g - a +1 dagger of venom (weapon)
 j - a +0 trident
 o - a +1 dagger of electrocution
Armour
 b - a +0 robe (worn)
 d - an orb of light
Jewellery
 i - a +6 ring of strength
 k - a ring of see invisible
Scrolls
 f - a scroll of teleportation
 q - a scroll of enchant armour {unknown}
Potions
 c - a potion of ambrosia
 h - a potion of mutation
 m - a potion of cancellation
 n - a potion of brilliance {unknown}
 p - a potion of enlightenment {unknown}
 r - a potion of might {unknown}


   Skills:
 + Level 6.8 Fighting
 + Level 6.8 Short Blades
 + Level 1.8 Long Blades
 + Level 1.8 Axes
 + Level 1.8 Maces & Flails
 + Level 1.8 Polearms
 + Level 1.8 Staves
 + Level 1.8 Ranged Weapons
 + Level 1.8 Throwing
 + Level 1.8 Armour
 + Level 6.8 Dodging
 + Level 1.8 Stealth
 + Level 1.8 Shields
 + Level 1.8 Unarmed Combat
 + Level 1.8 Spellcasting
 + Level 1.4 Conjurations
 + Level 1.4 Hexes
 + Level 1.4 Summonings
 + Level 1.4 Necromancy
 + Level 1.4 Translocations
 + Level 1.4 Transmutations
 + Level 1.4 Fire Magic
 + Level 1.4 Ice Magic
 + Level 1.4 Air Magic
 + Level 1.4 Earth Magic
 + Level 1.4 Poison Magic
 + Level 2.0 Invocations
 + Level 1.8 Evocations
 + Level 1.6 Shapeshifting


You had 8 spell levels left.
You didn't know any spells.
Your spell library contained the following spells:

 Spells                   Type           Power      Damage    Failure   Level
 Magic Dart               Conj           16%        1d3       17%         1
 Mephitic Cloud           Conj/Pois/Air  4%         N/A       45%         3
 Iskenderun's Battlesphe  Conj           4%         2d6       99%         5
 Bombard                  Conj/Erth      2%         9d1       100%        6
 Summon Small Mammal      Summ           Unusable   N/A       N/A         1
 Call Imp                 Summ           Unusable   N/A       N/A         2
 Call Canine Familiar     Summ           Unusable   N/A       N/A         3
 Summon Guardian Golem    Hex/Summ       Unusable   N/A       N/A         3
 Spellforged Servitor     Conj/Summ      Unusable   N/A       N/A         7

Dungeon Overview and Level Annotations

Branches:
Dungeon (4/15)
 Temple: D:4-7

Altars:
Okawaru

Annotations:
D:4 Blork the orc


Innate Abilities, Weirdness & Mutations

You have very sharp teeth.
Your uncanny sense of smell can sniff out nearby items.
Your experience applies equally to all skills.


Message History

You closely miss the gnoll bouda.
Your attacks no longer feel as feeble.
The gnoll bouda hits you with a +0 whip!
You hit the gnoll bouda but do no damage.
The gnoll bouda is poisoned.
You punch the gnoll bouda, but do no damage.
The gnoll bouda completely misses you.
You barely miss the gnoll bouda.
A gnoll comes into view. It is wielding a +0 whip.
The gnoll hits you with a +0 halberd!
The gnoll bouda barks out a call to the hunt!
The gnolls pick up the pace!
The gnoll shouts!
You see here a +0 club.
You hit the gnoll.
The gnoll is poisoned.
Your punch misses the gnoll.
The gnoll is lightly wounded.
The gnoll bouda gazes fiercely through you!
You feel your attacks grow feeble. The gnoll bouda misses you.
You hit the gnoll.
The gnoll looks as sick as possible!
The gnoll is heavily wounded.
The gnoll barely misses you. The gnoll bouda misses you.
You hit the gnoll but do no damage.
The gnoll looks as sick as possible!
The gnoll is heavily wounded.
The gnoll closely misses you.
You hit the gnoll but do no damage.
The gnoll looks as sick as possible!
The gnoll is heavily wounded.
The gnoll hits you with a +0 halberd.
* * * LOW HITPOINT WARNING * * *
The gnoll bouda calls upon its god to heal the gnoll.
The gnoll is healed somewhat.
As you read the scroll labelled ATHEEMA ALODD, it dissolves into smoke.
It was a scroll of fog.
The gnoll closely misses you. The gnoll barely misses you.
The gnoll bouda hits you with a +0 whip.
* * * LOW HITPOINT WARNING * * *
The gnoll attacks as it pursues you! The gnoll hits you with a +0 whip.
* * * LOW HITPOINT WARNING * * *
The gnoll hits you from afar with a +0 halberd!
You die...

#...
... ..#
###).
....###
#§§§§
#§g#
#gg#
##@###
#§§§.##
##.§..#
∆
∆##...#
##..##
∆#..<##
#....#
#....##
P.?
##....#


You could see a gnoll bouda (poisoned) and 2 gnolls.

Vanquished Creatures
  A phantom (D:3)
  An iguana (D:2)
  A gnoll (D:4)
  4 adders
  A worm (D:2)
  A dart slug (D:2)
  11 bats
  5 endoplasms
  2 giant cockroaches
  13 goblins
  3 hobgoblins
  11 jackals
  4 quokkas
  3 ball pythons (D:1)
  3 frilled lizards (D:3)
  5 kobolds
  5 rats
74 creatures vanquished.

Notes
Turn   | Place    | Note
-------+----------+-------------------------------------------
     0 | D:1      | croobank the Gnoll Monk began the quest for the Orb.
     0 | D:1      | Reached XP level 1. HP: 23/23 MP: 1/1
   115 | D:1      | Reached XP level 2. HP: 15/29 MP: 2/2
   373 | D:1      | Reached XP level 3. HP: 34/35 MP: 3/3
   696 | D:1      | Reached skill level 1 in Invocations
   803 | D:2      | Found a faded altar of an unknown god.
   811 | D:2      | Prayed at the altar of an unknown god.
   811 | D:2      | Became a worshipper of Warmaster Okawaru
   811 | D:2      | Reached * piety under Okawaru
   811 | D:2      | Reached ** piety under Okawaru
  1042 | D:2      | Reached skill level 1 in Long Blades
  1042 | D:2      | Reached skill level 1 in Axes
  1042 | D:2      | Reached skill level 1 in Maces & Flails
  1042 | D:2      | Reached skill level 1 in Polearms
  1042 | D:2      | Reached skill level 1 in Staves
  1042 | D:2      | Reached skill level 1 in Ranged Weapons
  1042 | D:2      | Reached skill level 1 in Throwing
  1042 | D:2      | Reached skill level 1 in Armour
  1042 | D:2      | Reached skill level 1 in Stealth
  1042 | D:2      | Reached skill level 1 in Shields
  1042 | D:2      | Reached skill level 1 in Unarmed Combat
  1042 | D:2      | Reached skill level 1 in Spellcasting
  1042 | D:2      | Reached skill level 1 in Evocations
  1125 | D:2      | Reached XP level 4. HP: 41/41 MP: 5/5
  1131 | D:2      | Reached skill level 1 in Shapeshifting
  1302 | D:2      | Reached *** piety under Okawaru
  1303 | D:2      | Reached skill level 1 in Conjurations
  1303 | D:2      | Reached skill level 1 in Hexes
  1303 | D:2      | Reached skill level 1 in Summonings
  1303 | D:2      | Reached skill level 1 in Necromancy
  1303 | D:2      | Reached skill level 1 in Translocations
  1303 | D:2      | Reached skill level 1 in Transmutations
  1303 | D:2      | Reached skill level 1 in Fire Magic
  1303 | D:2      | Reached skill level 1 in Ice Magic
  1303 | D:2      | Reached skill level 1 in Air Magic
  1303 | D:2      | Reached skill level 1 in Earth Magic
  1303 | D:2      | Reached skill level 1 in Poison Magic
  1807 | D:2      | Reached XP level 5. HP: 47/47 MP: 5/7
  2367 | D:4      | Noticed Blork the orc
  2367 | D:4      | Noticed a phantom
  2444 | D:3      | Killed a phantom
  2476 | D:4      | Reached XP level 6. HP: 38/53 MP: 8/8
  2486 | D:4      | Slain by a gnoll

Illustrated notes

Levels and vault maps discovered:
D:1:      shiori_arrival_maze, layout_rooms
D:2:      layout_basic, basic_ecumenical_altar
D:3:      layout_basic
D:4:      layout_cave_pools, gammafunk_ghost_cemetery, uniq_blork_the_orc

Skill      XL: |  1  2  3  4  5 |
---------------+----------------+-----
Invocations    | 1 2 |  2.0
Long Blades    | 1 |  1.8
Axes           | 1 |  1.8
Maces & Flails | 1 |  1.8
Polearms       | 1 |  1.8
Staves         | 1 |  1.8
Ranged Weapons | 1 |  1.8
Throwing       | 1 |  1.8
Armour         | 1 |  1.8
Stealth        | 1 |  1.8
Shields        | 1 |  1.8
Unarmed Combat | 1 |  1.8
Spellcasting   | 1 |  1.8
Evocations     | 1 |  1.8
Shapeshifting  | 1 |  1.6
Conjurations   | 1 |  1.4
Hexes          | 1 |  1.4
Summonings     | 1 |  1.4
Necromancy     | 1 |  1.4
Translocations | 1 |  1.4
Transmutations | 1 |  1.4
Fire Magic     | 1 |  1.4
Ice Magic      | 1 |  1.4
Air Magic      | 1 |  1.4
Earth Magic    | 1 |  1.4
Poison Magic   | 1 |  1.4
Fighting       | |  6.8
Short Blades   | |  6.8
Dodging        | |  6.8

Action                     |  1- 3 |  4- 6 || total
---------------------------+-------+-------++-------
  Melee: Short sword       |    85 |       ||    85
         Bite              |    17 |    13 ||    30
         Dagger            |    31 |   132 ||   163
         Punch             |       |     4 ||     4
    Use: Scroll            |       |     6 ||     6
   Stab: Sleeping          |     1 |     2 ||     3
 Armour: Robe              |    43 |    56 ||    99
  Dodge: Dodged            |    70 |    76 ||   146

Table legend: (Time is in decaauts)
 A = Elapsed time spent in this place.
 B = Non-inter-level travel time spent in this place.
 C = Inter-level travel time spent in this place.
 D = Time resting spent in this place.
 E = Time spent auto-exploring this place.
 F = Levels seen in this place.
 G = Mean time per level.
                   A        B        C        D        E       F      G
               +--------+--------+--------+--------+--------+-----+--------+
         Total |   2406 |   2313 |     93 |    122 |   1676 |   4 |  601.5 |
       Dungeon |   2406 |   2313 |     93 |    122 |   1676 |   4 |  601.5 |
               +--------+--------+--------+--------+--------+-----+--------+

Top non-repeatable levels by time:
     D:2: 993 daAuts
     D:1: 770 daAuts
     D:3: 589 daAuts
     D:4: 52 daAuts
